 Dungeon Crawl Stone Soup version 0.17-a0-1685-g57e755e (webtiles) character file.

179459 Gorice the Lord of Darkness (level 17, 0/128 HPs)
             Began as a Vampire Wanderer on Aug 17, 2015.
             Was the Champion of Kikubaaqudgha.
             Hit by a large rock thrown by Polyphemus (19 damage)
             ... on level 2 of the Shoals on Aug 19, 2015.
             The game lasted 07:34:50 (50149 turns).

Gorice the Lord of Darkness (Vampire Wanderer)     Turns: 50149, Time: 07:34:53

Health: 0/128      AC: 33    Str: 16    XL:     17   Next: 61%
Magic:  3/33       EV: 14    Int: 22    God:    Kikubaaqudgha [******]
Gold:   1174       SH:  0    Dex: 13    Spells: 12 memorised, 3 levels left

rFire  + . .     SeeInvis +     a - +2 great sword (elec)
rCold  + + .     Clarity  .     e - +5 pearl dragon armour
rNeg   + + +     SustAt   .     (no shield)
rPois  +         Gourm    .     M - +0 helmet
rElec  .         Spirit   .     p - +0 cloak {MR+}
rCorr  .         Warding  .     H - +2 pair of gloves {Str+3}
rMut   .         Stasis   .     o - +2 pair of boots {run}
MR     ++...                    k - amulet of regeneration
Stlth  ++++......               z - ring of Ymyvycel {rF+ AC-2 Str+2 Slay+3}
                                Q - +6 ring of protection

@: about to teleport, very slightly contaminated, regenerating, repel missiles,
quick, very resistant to hostile enchantments, stealthy
A: fangs 3, see invisible, cold resistance 1, unbreathing
a: Bat Form, Receive Corpses, Torment, Brand Weapon With Pain, Receive
Necronomicon, Renounce Religion


You were on level 2 of the Shoals.
You worshipped Kikubaaqudgha.
Kikubaaqudgha was exalted by your worship.
You were very thirsty.

You visited 6 branches of the dungeon, and saw 33 of its levels.
You visited 1 bazaar.
You also visited: Ossuary and Bailey.

You collected 3955 gold pieces.
You spent 2781 gold pieces at shops.

Inventory:

Hand weapons
 a - a +2 great sword of electrocution (weapon)
   (You found it on level 3 of the Orcish Mines)
 b - a +1 dagger of protection
   (You took it off an orc wizard on level 8 of the Dungeon)
 d - a +1 great sword of flaming
   (You took it off a fire giant on level 12 of the Dungeon)
 B - a +0 blowgun
Missiles
 l - 16 javelins (quivered)
 q - 16 curare-tipped needles
 Y - 6 throwing nets
Armour
 e - a +5 pearl dragon armour (worn)
 o - a +2 pair of boots of running (worn)
   (You bought it in a shop in a bazaar)
 p - a +0 cloak of magic resistance (worn)
   (You bought it in a shop in a bazaar)
 H - a +2 pair of gloves of strength (worn)
   (You bought it in a shop on level 7 of the Dungeon)
 M - a +0 helmet (worn)
Magical staves
 D - an uncursed staff of death
Rods
 L - a +3 lightning rod (11/11) {!a}
   (You found it on level 11 of the Dungeon)
Jewellery
 g - an uncursed ring of protection from cold
 h - an uncursed amulet of resist corrosion
 k - an amulet of regeneration (around neck)
 z - the ring of Ymyvycel (right hand) {rF+ AC-2 Str+2 Slay+3}
   (You found it in a bailey)

   [ring of protection]

   It affects your AC (-2).
   It affects your strength (+2).
   It affects your accuracy and damage with ranged weapons and melee attacks
   (+3).
   It protects you from fire.
 E - an uncursed ring of protection from magic
 I - an uncursed ring of positive energy
 Q - a +6 ring of protection (left hand)
 W - an uncursed ring of stealth
 Z - an uncursed amulet of clarity
Magical devices
 j - a wand of fire (10)
 t - a wand of confusion (15)
 x - a wand of draining (2)
 K - a wand of disintegration (16)
 N - a wand of fireball (2)
 O - a wand of teleportation (7) {!d}
Scrolls
 r - a scroll of blinking
 s - 4 scrolls of teleportation {!r}
 w - 9 scrolls of remove curse
 y - 4 scrolls of noise {!r}
 P - 8 scrolls of identify
 S - 7 scrolls of fog
 X - a scroll of fear {!r}
Potions
 c - 5 potions of cancellation {!q}
 f - 29 potions of blood
 i - 3 potions of resistance {!q}
 m - 4 potions of invisibility {!q}
 n - a potion of heal wounds {!q}
 u - 4 potions of curing
 v - 5 potions of haste {!q}
 C - 2 potions of agility {!q}
 T - 5 potions of ambrosia {!q}
Miscellaneous
 V - a fan of gales


   Skills:
 - Level 10.0 Fighting
 - Level 10.4(13.6) Short Blades
 * Level 13.4(14.4) Long Blades
   Level 1.0 Axes
 - Level 10.2 Armour
 + Level 11.6 Dodging
 - Level 10.6 Stealth
 - Level 12.1 Spellcasting
 - Level 7.1 Charms
 - Level 15.0 Necromancy


You had 3 spell levels left.
You knew the following spells:

 Your Spells              Type           Power        Failure   Level  Hunger
a - Pain                  Necr           ####         1%          1    None
b - Corpse Rot            Necr           N/A          1%          2    None
c - Agony                 Necr           ######..     1%          5    ####...
d - Dispel Undead         Necr           ######..     1%          5    ####...
e - Control Undead        Necr           ######....   1%          4    None
f - Cigotuvi's Embrace    Necr           ######....   1%          5    ####...
g - Death Channel         Necr           ######....   6%          6    #####..
A - Apportation           Tloc           ##........   17%         1    None
B - Summon Butterflies    Summ           ##......     17%         1    None
M - Repel Missiles        Chrm/Air       ####..       8%          2    None
R - Regeneration          Chrm/Necr      ######....   1%          3    None
S - Swiftness             Chrm/Air       ####....     8%          2    None


Dungeon Overview and Level Annotations

Branches:
Dungeon (15/15)            Temple (1/1) D:5            Lair (8/8) D:10
 Shoals (2/4) Lair:4        Snake (3/4) Lair:5        Slime (0/6) Lair:6
    Orc (4/4) D:9             Elf (0/3) Orc:3        Vaults (0/5) D:13
 Depths (0/5) D:15

Altars:
Ashenzari
Cheibriados
Dithmenos
Elyvilon
Fedhas
Gozag
Kikubaaqudgha
Makhleb
Nemelex Xobeh
Okawaru
Qazlal
Ru
Sif Muna
Trog
Vehumet
Xom
Yredelemnul
Zin
The Shining One
Beogh

Shops:
D:5 *   D:7 *   Orc:2 (   Orc:3 *   Orc:4 ([=(   Shoals:2 %

Portals:
Trove: D:10 (show abyssal rune of Zot)

Annotations:
Lair:2 DEFE's ghost, powerful VSFi
Shoals:2 Polyphemus
Orc:3 gt swd on perma-tele trap needs approt/stasis
Orc:4 UX...


Innate Abilities, Weirdness & Mutations

You heal slowly.
You have razor-sharp teeth.
You have supernaturally acute eyesight.
You can survive without breathing.
Your flesh is cold resistant.


Message History

Press: ? - help, Dir - move target cursor, p - death yak You are very lightly contaminated with residual magic.
As you read the scroll of blinking, it crumbles to dust.
Evoke which item? (* to show all) (? for menu, Esc to quit)
Zapping:
x - a wand of draining (will waste charges)
Press: ? - help, Shift-Dir - straight line, f - death yak
Aim: a death yak (severely wounded)
The bolt of negative energy hits the death yak.
The death yak is drained!
The death yak is almost dead.
Evoking this partially-identified wand wasted a few charges.
Evoke which item? (* to show all) (? for menu, Esc to quit)
Zapping:
x - a wand of draining {zapped: 3} (will waste charges)
Press: ? - help, Shift-Dir - straight line, f/p - death yak
Aim: a death yak (almost dead, lightly drained)
The bolt of negative energy hits the death yak.
The death yak is drained!
The death yak is almost dead.
Evoking this partially-identified wand wasted a few charges.
Evoke which item? (* to show all) (? for menu, Esc to quit)
Okay, then.
Casting: Agony
Confirm with . or Enter, or press ? or * to list all spells.
Your skin crawls.
Casting: Regeneration
Confirm with . or Enter, or press ? or * to list all spells.
You miscast Swiftness.
You feel a strange surge of energy!
Polyphemus shouts, "Attack, my pets!
Attack!"
A catoblepas comes into view.
Polyphemus throws a large rock.
The large rock is repelled.
The large rock hits the griffon!!
Polyphemus throws a large rock.
The large rock is repelled.
The large rock barely misses the griffon.
The large rock hits the death yak!!
The death yak dies!
Read which item? (? for menu, Esc to quit)
Really read
s - 5 scrolls of teleportation {!r}?
As you read the scroll of teleportation {!r}, it crumbles to dust.
You feel strangely unstable.
You are feeling very thirsty.
The catoblepas bellows!
Polyphemus throws a large rock.
The large rock hits you but does no damage.
The griffon bites you!
* * * LOW HITPOINT WARNING * * *
The griffon pecks you but does no damage.
The griffon misses you.
Polyphemus throws a large rock.
The large rock hits you!!
You die...
Kikubaaqudgha rasps: "You have failed me!
Welcome... oblivion!"

≈≈≈≈≈≈≈.....≈≈≈≈≈≈≈≈≈≈≈
.≈≈≈≈≈..........[.≈≈≈≈≈
...≈.≈≈≈≈≈...÷........≈≈≈≈≈
≈.##.≈.≈≈≈≈≈≈............≈≈≈≈≈
.≈.≈≈≈≈≈≈≈≈≈.....∩.)..<≈≈≈≈≈≈≈
≈≈C≈≈≈≈≈≈≈≈≈≈....Y....))≈≈≈≈≈≈≈
≈≈≈≈≈≈≈≈≈≈≈≈≈.....C.....≈≈≈≈≈≈≈
...≈≈≈≈≈≈≈≈≈............≈≈≈≈≈≈≈
. #.≈≈≈≈≈.≈≈≈...@(.......≈≈≈≈≈≈≈
..#.≈≈≈≈≈.......H.....(..≈≈≈≈≈≈≈
≈≈≈≈.≈≈≈≈≈...............≈≈≈≈≈≈≈
≈.....≈≈≈≈....(.........≈≈≈≈≈≈≈≈
.....$..≈≈..............≈≈≈≈≈≈≈
.####..≈..............≈≈≈≈≈≈≈
#................≈≈≈≈≈≈≈
#...............≈≈≈≈≈≈≈
##.......$......≈≈≈≈≈≈≈


You could see Polyphemus, a catoblepas and a griffon.

Vanquished Creatures
  Rupert (D:14)
  Kirke (D:14)
  3 greater nagas (Snake:2)
  Maud (Lair:7)
  A fire giant (D:12)
  An orc warlord (Orc:4)
  Snorg (Lair:7)
  The ghost of DEFE the Fighter, a powerful VSFi of Ru (Lair:3)
  Josephine (D:11)
  A merfolk impaler (Shoals:2)
  A yaktaur captain (D:12)
  15 hydras
  Fannar (D:11)
  10 naga warriors
  A vault guard (D:13)
  2 centaur warriors
  A merfolk avatar (Shoals:1)
  4 catoblepae
  Erica (D:10)
  3 anacondas
  A merfolk aquamancer (Lair:4)
  An ogre mage (D:15)
  4 tengu warriors
  5 naga sharpshooters
  A shock serpent (Snake:2)
  Urug (D:14)
  An orc high priest (Orc:4)
  28 death yaks
  Sonja (D:15)
  3 skeletal warriors (D:14)
  3 unseen horrors
  3 flayed ghosts (D:10)
  3 sea snakes
  2 wizards
  7 mana vipers
  7 hill giants
  4 harpies (Shoals:1)
  3 naga ritualists
  9 ugly things
  2 fauns (Shoals:1)
  4 orc sorcerers
  2 manticores
  A moth of wrath (D:5)
  4 cyclopes
  6 griffons
  3 salamanders
  An oklob plant (Lair:7)
  4 guardian serpents
  7 orc knights
  2 black mambas (shapeshifter)
  3 sirens (Shoals:1)
  Maurice (Orc:4)
  2 water nymphs
  16 elephants
  23 black mambas
  9 spiny frogs
  13 naga magi
  5 molten gargoyles
  3 centaur skeletons
  2 gargoyles
  12 komodo dragons
  2 fire drakes
  9 merfolk
  3 trolls
  2 tengu conjurers
  A boulder beetle (Lair:7)
  2 polar bears
  3 wind drakes (Shoals:1)
  Prince Ribbit (D:8)
  9 slime creatures
  6 snapping turtles
  7 two-headed ogres
  A raiju (shapeshifter) (D:15)
  A jumping spider (shapeshifter) (D:14)
  21 blink frogs
  A tarantella (shapeshifter) (D:15)
  A trapdoor spider (D:13)
  2 water elementals
  A wyvern (Lair:6)
  A shadow (D:11)
  7 wraiths
  A spriggan (D:7)
  3 deep elf magi
  A fire elemental (D:14)
  A basilisk (D:12)
  54 yaks
  A human (shapeshifter) (D:15)
  2 hungry ghosts
  5 wargs
  10 hippogriffs
  Menkaure (D:5)
  2 soldier ants
  4 vampire mosquitoes (D:14)
  11 wolves
  2 mottled dragons
  19 nagas
  3 ice beasts
  2 swamp drakes (Lair:4)
  Duvessa (D:5)
  6 sky beasts
  18 water moccasins
  18 porcupines
  40 orc warriors
  A wasp (D:9)
  7 black bears
  A phantom (D:11)
  21 crocodiles
  13 centaurs
  An eye of draining (D:15)
  17 ogres
  8 boggarts
  5 big kobolds
  Blork the orc (D:5)
  21 giant frogs
  9 water moccasin zombies (Ossuary)
  7 scorpions
  A wyvern skeleton (D:12)
  Dowan (D:5)
  20 wights
  An electric eel (Snake:3)
  19 killer bees
  A crimson imp (D:7)
  7 iguanas
  3 centaur zombies
  3 giant frog zombies
  4 jellies
  A gnoll shaman (D:9)
  2 quasits
  45 orc wizards
  A wasp zombie (D:8)
  8 worker ants
  31 orc priests
  4 giant frog skeletons
  5 hell rats
  8 hounds
  Terence (D:3)
  A killer bee zombie (D:10)
  23 sheep
  2 big kobold zombies (Ossuary)
  2 hound skeletons
  A hound zombie (D:7)
  3 worker ant zombies
  2 mummies (Ossuary)
  5 gnolls (D:9)
  16 adders
  3 shadow imps
  82 river rats
  An ooze (D:3)
  4 adder zombies (Ossuary)
  3 adder skeletons
  6 worms
  10 giant geckos
  206 orcs
  2 giant cockroaches
  8 hobgoblins
  5 jackals
  8 quokkas
  A ball python (D:1)
  10 bats
  4 giant newts
  A gnoll zombie (Ossuary)
  17 goblins
  9 hobgoblin zombies (Ossuary)
  31 kobolds
  2 kobold zombies (Ossuary)
  5 orc zombies (Ossuary)
  A quokka zombie (D:9)
  10 rats
  2 plants
1313 creatures vanquished.

Vanquished Creatures (collateral kills)
  A naga ritualist (Snake:2)
  A black mamba (Snake:2)
  3 nagas (Snake:2)
5 creatures vanquished.

Vanquished Creatures (others)
  A death yak (Shoals:2)
  A phantom (D:7)
  3 orcs (Orc:2)
  A quokka skeleton (D:7)
  7 bushes (D:10)
  34 fungi
  15 plants
62 creatures vanquished.

Grand Total: 1380 creatures vanquished

Notes
Turn   | Place    | Note
--------------------------------------------------------------
     0 | D:1      | Gorice the Vampire Wanderer began the quest for the Orb.
     0 | D:1      | Gorice set off with: a +2 dagger, a scroll of blinking, a +0 hand axe, a potion of lignification {!q}, a +0 robe, a potion of blood
     0 | D:1      | Reached XP level 1. HP: 16/16 MP: 2/2
   168 | D:1      | Reached skill level 1 in Short Blades
   252 | D:1      | Reached XP level 2. HP: 20/22 MP: 3/3
   275 | D:1      | Upgraded the game from 0.17-a0-1667-g4ca74a1 to 0.17-a0-1674-g2b13139
   564 | D:1      | Reached skill level 4 in Stealth
   578 | D:1      | Reached skill level 2 in Short Blades
   831 | D:2      | Found a sacrificial altar of Ru.
   928 | D:2      | Reached XP level 3. HP: 27/27 MP: 4/4
  1356 | D:2      | Found a deep blue altar of Sif Muna.
  1814 | D:3      | Found a shadowy altar of Dithmenos.
  2020 | D:3      | Reached skill level 3 in Short Blades
  2043 | D:3      | Reached XP level 4. HP: 33/33 MP: 5/5
  2237 | D:3      | Reached skill level 5 in Stealth
  2582 | D:3      | Noticed Terence
  2632 | D:3      | Killed Terence
  2632 | D:3      | Reached skill level 4 in Short Blades
  2632 | D:3      | Reached XP level 5. HP: 31/38 MP: 6/6
  2850 | D:4      | Noticed an ogre
  2876 | D:4      | Killed an ogre
  2876 | D:4      | Reached skill level 5 in Short Blades
  2876 | D:4      | Reached skill level 6 in Stealth
  3016 | D:4      | Noticed an ogre
  3057 | D:4      | Reached XP level 6. HP: 44/44 MP: 7/7
  3068 | D:4      | Killed an ogre
  3188 | D:4      | Noticed an ogre
  3218 | D:4      | Killed an ogre
  3218 | D:4      | Reached skill level 6 in Short Blades
  3248 | D:4      | Reached skill level 7 in Stealth
  3534 | D:5      | Entered Level 5 of the Dungeon
  3607 | D:5      | Reached XP level 7. HP: 49/49 MP: 8/8
  3655 | D:5      | Found a staircase to the Ecumenical Temple.
  3717 | Temple   | Entered the Ecumenical Temple
  3904 | D:5      | Reached skill level 7 in Short Blades
  4152 | D:5      | Found Piffoust's Practical Paraphernalia.
  4161 | D:5      | --wow 1st shop: +0 PDA and +6 =protect! Need $
  4223 | D:5      | Noticed Blork the orc
  4228 | D:5      | Killed Blork the orc
  4228 | D:5      | Reached skill level 8 in Stealth
  4252 | D:5      | Noticed Duvessa
  4440 | D:5      | Noticed Dowan
  4442 | D:5      | Killed Dowan
  4494 | D:6      | Noticed an unseen horror
  4495 | D:6      | Killed an unseen horror
  4495 | D:6      | Reached skill level 9 in Short Blades
  4495 | D:6      | Reached skill level 9 in Stealth
  4495 | D:6      | Reached XP level 8. HP: 55/55 MP: 9/9
  4496 | D:6      | --wow sleeping unseen horror right next to stairs - stab = free xp!
  4549 | D:5      | HP: 16/55 [poisoned by an orc]
  4554 | D:5      | HP: 17/82 [poisoned by an orc]
  4559 | D:5      | HP: 15/82 [poisoned by an orc]
  4565 | D:5      | HP: 13/82 [poisoned by an orc]
  4570 | D:5      | HP: 13/82 [poisoned by an orc]
  4577 | D:5      | HP: 13/82 [poisoned by an orc]
  4585 | D:5      | HP: 8/55 [poisoned by an orc]
  4790 | D:6      | Found a sand-covered staircase.
  4813 | Ossuary  | Entered an ossuary
  4905 | Ossuary  | Reached skill level 10 in Stealth
  5118 | Ossuary  | Reached skill level 10 in Short Blades
  5412 | Ossuary  | Reached XP level 9. HP: 61/61 MP: 10/10
  5597 | D:6      | Found an ancient bone altar of Kikubaaqudgha.
  5597 | D:6      | Found a burning altar of Makhleb.
  5599 | D:6      | Found a basalt altar of Yredelemnul.
  5601 | D:6      | Found a stormy altar of Qazlal.
  5602 | D:6      | Found a blossoming altar of Fedhas.
  5617 | D:6      | Became a worshipper of Kikubaaqudgha
  5711 | D:6      | Reached skill level 2 in Fighting
  5760 | D:6      | Reached skill level 1 in Dodging
  5920 | D:6      | Reached skill level 2 in Dodging
  6153 | D:6      | Reached skill level 3 in Fighting
  6190 | D:6      | Reached skill level 3 in Dodging
  6795 | D:7      | Found Diacayth's General Store.
  6811 | D:7      | Bought a +2 pair of gloves of strength for 279 gold pieces
  6920 | D:7      | Reached skill level 4 in Dodging
  6941 | D:7      | Acquired Kikubaaqudgha's first power
  6941 | D:7      | Received a gift from Kikubaaqudgha
  6942 | D:7      | Identified Kikubaaqudgha's Catalogue of Sinister Rites (Kikubaaqudgha gifted it to you on level 7 of the Dungeon)
  7062 | D:7      | Found a radiant altar of Vehumet.
  7215 | D:7      | Reached skill level 4 in Fighting
  7406 | D:7      | Reached skill level 5 in Dodging
  7435 | D:7      | Got a twisted spear
  7588 | D:7      | Reached skill level 5 in Fighting
  7639 | D:7      | Reached skill level 6 in Dodging
  7980 | D:8      | Reached XP level 10. HP: 75/75 MP: 11/11
  7985 | D:8      | Learned a level 3 spell: Regeneration
  7987 | D:8      | Learned a level 1 spell: Pain
  7990 | D:8      | Learned a level 2 spell: Corpse Rot
  8384 | D:8      | Reached skill level 6 in Fighting
  8406 | D:8      | Reached skill level 7 in Dodging
  8426 | D:8      | Noticed Prince Ribbit
  8454 | D:8      | Killed Prince Ribbit
  8909 | D:9      | Acquired Kikubaaqudgha's second power
  9452 | D:9      | Reached skill level 8 in Dodging
  9494 | D:9      | Found a staircase to the Orcish Mines.
  9501 | D:9      | Found a roughly hewn altar of Beogh.
  9645 | D:9      | Reached skill level 7 in Fighting
  9798 | D:9      | Found a glowing silver altar of Zin.
 10164 | D:9      | Reached skill level 9 in Dodging
 10592 | Orc:1    | Entered Level 1 of the Orcish Mines
 10734 | Orc:1    | Received a gift from Kikubaaqudgha
 10735 | Orc:1    | Identified Kikubaaqudgha's Catalogue of Evil Magic (Kikubaaqudgha gifted it to you on level 1 of the Orcish Mines)
 10796 | Orc:1    | HP: 24/80 [orc wizard/magic dart (7)]
 10801 | D:9      | HP: 22/80 [orc wizard/dagger (2)]
 11684 | Orc:2    | Found Namuxel's Antique Weapon Boutique.
 11750 | Orc:2    | Reached skill level 8 in Fighting
 12214 | Orc:1    | Reached XP level 11. HP: 52/86 MP: 12/12
 12285 | Orc:3    | Found a staircase to the Elven Halls.
 12287 | Orc:3    | Found a roughly hewn altar of Beogh.
 12319 | Orc:3    | Acquired Kikubaaqudgha's third power
 12676 | Orc:3    | Noticed an orc knight
 12691 | Orc:2    | Reached skill level 10 in Dodging
 12847 | Orc:3    | Noticed an orc knight
 13079 | D:5      | Bought a +6 ring of protection for 858 gold pieces
 13172 | D:5      | Noticed a moth of wrath
 13174 | D:5      | Noticed Menkaure
 13176 | D:5      | Found a bloodstained altar of Trog.
 13179 | D:5      | Killed Menkaure
 13282 | D:5      | Killed a moth of wrath
 13292 | D:5      | Got a faintly glowing whip
 13342 | D:5      | Killed Duvessa
 13342 | D:5      | Reached skill level 3 in Necromancy
 13758 | Orc:3    | Killed an orc knight
 14004 | Orc:3    | Killed an orc knight
 14004 | Orc:3    | Reached skill level 4 in Necromancy
 14142 | Orc:3    | Acquired Kikubaaqudgha's fourth power
 14372 | Orc:3    | Reached skill level 9 in Fighting
 14685 | Orc:3    | Reached skill level 5 in Necromancy
 14785 | Orc:3    | Found Gupsyw's Assorted Antiques.
 15333 | Orc:4    | Entered Level 4 of the Orcish Mines
 15334 | Orc:4    | Found a roughly hewn altar of Beogh.
 15477 | Orc:4    | Found Xiuschip's Weapon Shoppe.
 15496 | Orc:3    | Bought a runed cloak for 126 gold pieces
 15676 | D:10     | Entered Level 10 of the Dungeon
 15847 | D:10     | Reached skill level 6 in Necromancy
 15893 | D:10     | Noticed an unseen horror
 16238 | D:10     | Killed an unseen horror
 16292 | D:10     | Reached skill level 7 in Necromancy
 16388 | D:10     | Found a staircase to the Lair.
 16524 | D:9      | Reached skill level 10 in Fighting
 16868 | D:10     | Reached skill level 1 in Charms
 16945 | D:10     | Noticed a hill giant
 17004 | D:10     | Killed a hill giant
 17004 | D:10     | Reached skill level 2 in Charms
 17272 | D:10     | Found a portal to a secret trove of treasure.
 17303 | D:10     | Noticed a centaur warrior
 17343 | D:10     | Killed a centaur warrior
 17343 | D:10     | Reached skill level 3 in Charms
 17343 | D:10     | Reached XP level 12. HP: 70/97 MP: 14/14
 17375 | D:10     | Reached skill level 2 in Spellcasting
 17644 | D:10     | Noticed a hill giant
 17664 | D:10     | Killed a hill giant
 17860 | D:10     | Reached skill level 8 in Necromancy
 17997 | Lair:1   | Entered Level 1 of the Lair of Beasts
 18089 | Lair:1   | Reached skill level 4 in Charms
 18744 | Lair:1   | Reached skill level 5 in Charms
 18906 | Lair:1   | HP: 29/97 [poisoned by a spiny frog]
 18916 | Lair:1   | Reached skill level 3 in Spellcasting
 18950 | Lair:1   | Reached skill level 9 in Necromancy
 19633 | Lair:1   | Identified a scroll of acquirement
 20089 | Lair:2   | Reached skill level 6 in Charms
 20390 | Lair:2   | Reached skill level 4 in Spellcasting
 20426 | Lair:2   | Reached skill level 7 in Charms
 20568 | Lair:2   | Reached skill level 10 in Necromancy
 20678 | Lair:2   | Noticed DEFE's ghost (powerful VSFi)
 20755 | Lair:1   | Learned a level 5 spell: Agony
 20761 | Lair:1   | Learned a level 5 spell: Dispel Undead
 21014 | Lair:2   | HP: 29/97 [poisoned by a black mamba]
 21019 | Lair:2   | HP: 22/97 [poisoned by a black mamba]
 21024 | Lair:2   | HP: 19/97 [poisoned by a black mamba]
 21029 | Lair:2   | HP: 16/97 [poisoned by a black mamba]
 21035 | Lair:2   | HP: 14/97 [poisoned by a black mamba]
 21041 | Lair:2   | HP: 14/97 [poisoned by a black mamba]
 21049 | Lair:2   | HP: 14/97 [poisoned by a black mamba]
 22576 | Lair:3   | Reached skill level 5 in Spellcasting
 22816 | Lair:3   | Reached XP level 13. HP: 70/103 MP: 18/20
 23096 | Lair:3   | Killed DEFE's ghost
 23222 | Lair:3   | Reached skill level 11 in Necromancy
 23527 | Lair:3   | Reached skill level 2 in Armour
 24059 | Lair:4   | Reached skill level 6 in Spellcasting
 24351 | Lair:4   | Found a staircase to the Shoals.
 24823 | Lair:4   | Reached skill level 3 in Armour
 24876 | Lair:5   | Found a staircase to the Snake Pit.
 25474 | Lair:5   | Reached skill level 12 in Necromancy
 26028 | Lair:6   | Reached skill level 4 in Armour
 26163 | Lair:6   | Found a staircase to the Slime Pits.
 27000 | Lair:5   | HP: 30/103 [poisoned by a spiny frog]
 27005 | Lair:5   | HP: 16/103 [poisoned by a spiny frog]
 27019 | Lair:5   | HP: 30/103 [poisoned by a spiny frog]
 27026 | Lair:5   | HP: 29/103 [poisoned by a spiny frog]
 27033 | Lair:5   | HP: 29/103 [poisoned by a spiny frog]
 27041 | Lair:5   | HP: 29/103 [poisoned by a spiny frog]
 27836 | Lair:7   | Noticed Maud
 27885 | Lair:7   | Reached skill level 5 in Armour
 27923 | Lair:7   | Noticed Snorg
 28637 | Lair:7   | Found a bloodstained altar of Trog.
 28787 | Lair:7   | Reached skill level 13 in Necromancy
 28792 | Lair:7   | HP: 30/103 [elephant (11)]
 28796 | Lair:7   | Reached skill level 6 in Armour
 28979 | Lair:7   | Reached XP level 14. HP: 102/110 MP: 4/23
 29637 | Lair:8   | Entered Level 8 of the Lair of Beasts
 29945 | Lair:6   | Reached skill level 7 in Armour
 30434 | Orc:4    | Noticed an orc high priest
 30744 | D:5      | Bought a +0 pearl dragon armour for 1100 gold pieces
 31066 | Lair:7   | Killed Snorg
 31132 | Lair:7   | Killed Maud
 31922 | Lair:7   | Reached skill level 8 in Armour
 32378 | Lair:8   | Reached skill level 14 in Necromancy
 33137 | Lair:8   | Reached skill level 9 in Armour
 34233 | Lair:8   | HP: 25/110 [death yak (9)]
 34244 | Lair:8   | HP: 30/110 [yak (7)]
 34254 | Lair:8   | HP: 27/110 [yak (5)]
 34525 | Lair:8   | Reached XP level 15. HP: 111/115 MP: 16/25
 34587 | Lair:7   | HP: 27/115 [death yak (17)]
 34768 | Lair:7   | Reached skill level 15 in Necromancy
 35069 | Lair:8   | HP: 30/115 [death yak (14)]
 35271 | Lair:8   | Learned a level 2 spell: Repel Missiles
 35274 | Lair:8   | Learned a level 2 spell: Swiftness
 35382 | Lair:7   | Reached skill level 10 in Armour
 35539 | Lair:2   | Reached skill level 7 in Spellcasting
 35964 | Orc:4    | Noticed an orc warlord
 36086 | Orc:4    | Killed an orc warlord
 36126 | Orc:4    | Killed an orc high priest
 36204 | Orc:4    | HP: 33/115 [sun demon[an orc sorcerer] (10)]
 36209 | Orc:4    | HP: 26/115 [sun demon[an orc sorcerer] (8)]
 36209 | Orc:4    | HP: 9/115 [sun demon[an orc sorcerer] (17)]
 36212 | Orc:4    | Paralysed by an orc sorcerer for 2 turns
 36214 | Orc:4    | HP: 19/115 [hellwing[an orc sorcerer] (6)]
 36363 | Orc:4    | Paralysed by an orc sorcerer for 5 turns
 36394 | Orc:4    | HP: 33/115 [orc warrior/short sword (8)]
 36459 | Orc:4    | Found a roughly hewn altar of Beogh.
 36498 | Orc:4    | Reached skill level 8 in Spellcasting
 36582 | Orc:4    | Found Saeleew's General Store.
 36591 | Orc:4    | Found Ihara's Jewellery Shop.
 36605 | Orc:4    | Found Doawk's Antique Armour Shop.
 36673 | Orc:4    | Found Fibig's Antique Weapon Shop.
 37060 | Orc:4    | Noticed Maurice
 37070 | Orc:4    | Killed Maurice
 37433 | D:11     | Noticed Fannar
 37474 | D:11     | Killed Fannar
 37538 | D:11     | Found a flagged portal.
 37583 | Bailey   | Entered a bailey
 37773 | Bailey   | Got a clouded pewter ring
 37774 | Bailey   | Identified the cursed ring of Ymyvycel {rF+ AC-2 Str+2 Slay+3} (You found it in a bailey)
 37792 | Bailey   | Found a bloodstained altar of Trog.
 37888 | D:11     | Upgraded the game from 0.17-a0-1674-g2b13139 to 0.17-a0-1685-g57e755e
 38098 | D:10     | Noticed a catoblepas
 38194 | D:10     | Killed a catoblepas
 38234 | D:10     | Noticed a wizard
 38236 | D:10     | Noticed a flayed ghost
 38236 | D:10     | Noticed a flayed ghost
 38316 | D:10     | Noticed Erica
 38354 | D:10     | Killed Erica
 38400 | D:10     | Killed a flayed ghost
 38452 | D:10     | Killed a flayed ghost
 38452 | D:10     | Reached skill level 1 in Long Blades
 38457 | D:10     | Killed a wizard
 38457 | D:10     | Reached skill level 9 in Spellcasting
 38477 | D:10     | Noticed a flayed ghost
 38504 | D:10     | Killed a flayed ghost
 38579 | D:10     | Noticed a hill giant
 38598 | D:10     | Killed a hill giant
 38646 | D:10     | Noticed a hill giant
 38687 | D:10     | Killed a hill giant
 38687 | D:10     | Reached skill level 2 in Long Blades
 39212 | D:11     | Noticed Josephine
 39239 | D:11     | Killed Josephine
 39418 | D:11     | Reached skill level 3 in Long Blades
 39772 | D:12     | Gained mutation: Your flesh is cold resistant. [potion of beneficial mutation]
 40145 | D:12     | Found a runed door.
 40174 | D:12     | Reached skill level 4 in Long Blades
 40583 | D:12     | Reached skill level 10 in Spellcasting
 40656 | D:13     | Reached skill level 5 in Long Blades
 41125 | D:13     | Found a gate to the Vaults.
 41164 | D:13     | Reached XP level 16. HP: 122/122 MP: 30/30
 41565 | D:14     | Reached skill level 6 in Long Blades
 41911 | D:14     | Found a stormy altar of Qazlal.
 41965 | D:14     | Got a distressingly furry ring mail
 41984 | D:14     | Noticed Urug
 41991 | D:14     | Noticed Rupert
 42003 | D:14     | Paralysed by Rupert for 4 turns
 42012 | D:14     | Killed Rupert
 42073 | D:14     | Killed Urug
 42073 | D:14     | Reached skill level 7 in Long Blades
 42340 | D:14     | Noticed Kirke
 42361 | D:14     | Killed Kirke
 42636 | D:13     | Reached skill level 8 in Long Blades
 42802 | D:15     | Entered Level 15 of the Dungeon
 42986 | D:15     | Found a staircase to the Depths.
 43007 | D:15     | HP: 36/122 [poisoned by a green ugly thing]
 43141 | D:15     | Reached skill level 11 in Spellcasting
 43351 | D:15     | Reached skill level 9 in Long Blades
 43466 | D:15     | Noticed Sonja
 43472 | D:15     | Killed Sonja
 44223 | Snake:1  | Entered Level 1 of the Snake Pit
 44463 | Snake:1  | Reached skill level 10 in Long Blades
 45912 | Snake:2  | Reached skill level 11 in Long Blades
 46175 | Snake:2  | Learned a level 1 spell: Apportation
 46177 | Snake:2  | Learned a level 1 spell: Summon Butterflies
 46177 | Snake:2  | --Yay, a book with apportation - now for that Orc3 sword on the tele trap
 46377 | D:9      | Reached XP level 17. HP: 128/128 MP: 26/32
 46430 | Orc:3    | --+2 gt swd of electrocution - I'll take it!
 46518 | Lair:1   | Learned a level 4 spell: Control Undead
 46524 | Lair:1   | Learned a level 5 spell: Cigotuvi's Embrace
 46531 | Lair:1   | Learned a level 6 spell: Death Channel
 46878 | Snake:2  | HP: 38/128 [naga/trident (9)]
 46883 | Snake:2  | HP: 35/128 [naga ritualist/dagger of venom (7)]
 46887 | Snake:2  | Reached skill level 12 in Spellcasting
 46888 | Snake:2  | HP: 35/128 [poisoned by a naga ritualist]
 47109 | Snake:2  | HP: 25/128 [naga warrior/mace (14)]
 47117 | Snake:2  | HP: 36/128 [poisoned by a naga mage (splash of poison)]
 47779 | Snake:3  | Reached skill level 12 in Long Blades
 47831 | Snake:3  | Found a flickering gateway to a bazaar.
 47837 | Bazaar   | Entered a bazaar
 47845 | Bazaar   | Found Leymp's Antique Weapon Emporium.
 47856 | Bazaar   | Found Sats's Antique Weapon Shoppe.
 47871 | Bazaar   | Found Mamytad's Antique Armour Shoppe.
 47882 | Bazaar   | Found Plog's Antique Armour Emporium.
 47907 | Bazaar   | Bought a pair of glowing boots for 94 gold pieces
 47921 | Bazaar   | Identified a +1 pair of boots of running (You bought it in a shop in a bazaar)
 47921 | Bazaar   | --oh yes!
 47927 | Bazaar   | Bought a glowing cloak for 198 gold pieces
 47937 | Bazaar   | --+0 cloak of MR - better than +1 cloak
 47951 | Bazaar   | Bought a jewelled scimitar for 126 gold pieces
 47951 | Bazaar   | Identified the +7 scimitar "Mysuum" {venom, rN+ MR+ Str+2} (You bought it in a shop in a bazaar)
 47952 | Bazaar   | --nice but is venom nice enough..?
 48613 | Snake:3  | HP: 38/128 [anaconda (1)]
 48618 | Snake:3  | HP: 38/128 [anaconda (1)]
 48623 | Snake:3  | HP: 36/128 [anaconda (3)]
 48631 | Snake:3  | HP: 29/128 [anaconda (8)]
 48641 | Snake:3  | HP: 37/128 [anaconda (3)]
 48646 | Snake:3  | HP: 24/128 [mana viper (9)]
 48681 | Snake:3  | Reached skill level 11 in Dodging
 48683 | Snake:3  | HP: 25/128 [naga ritualist/lance of force (11)]
 48692 | Snake:3  | HP: 22/128 [naga sharpshooter/silver bolt (4)]
 48975 | Shoals:1 | Entered Level 1 of the Shoals
 49689 | Shoals:1 | Reached skill level 13 in Long Blades
 49960 | Shoals:2 | Found Jiatea's Food Boutique.
 50097 | Shoals:2 | Noticed Polyphemus
 50131 | Shoals:2 | HP: 30/128 [death yak[Polyphemus] (18)]
 50134 | Shoals:2 | HP: 12/128 [death yak[Polyphemus] (18)]
 50134 | Shoals:2 | HP: 5/128 [griffon (7)]
 50149 | Shoals:2 | HP: 19/128 [griffon (10)]
 50149 | Shoals:2 | Hit by a large rock thrown by Polyphemus

Vault maps used:
D:1:      matt_arrival_diagonals
D:2:      minmay_door_path, nicolae_ru_sacrificial_ziggurat, first_bread,
          lemuel_blue_sif_altar
D:3:      kennysheep_six_static_rooms, lemuel_round_altar, uniq_terence
D:5:      tgw_trog, minmay_temple_entry_glass, nicolae_alphabet_shops,
          uniq_duvessa, uniq_blork_the_orc, uniq_menkaure
D:6:      grunt_temple_overflow_open, nicolae_ossuary_entry_false_entrances
D:7:      fiery_altar_vehumet, serial_shops, shop, the_bakery,
          lemuel_old_faithful
D:8:      uniq_prince_ribbit1
D:9:      kennysheep_mini_moat, minmay_orc_entry_temple_small
D:10:     minmay_klotski, dpeg_lair_monsters, enter_trove_1,
          minmay_joined_circles, uniq_erica
D:11:     enter_bailey_3, minivault_10, uniq_fannar, uniq_josephine
D:12:     minivault_13
D:13:     david_vaults_5
D:14:     basic_altar, kennysheep_small_spiral, grunt_decor_arrowhead,
          minivault_8, uniq_rupert, uniq_urug, uniq_kirke
D:15:     gammafunk_enter_depths_forms, hangedman_decor_push, uniq_sonja
Temple:   cyrus_temple_forest_13
Lair:2:   grunt_megastairs_3, serial_bayou_shore_b, lemuel_fruit_fields
Lair:4:   minmay_shoals_entry_hut
Lair:5:   minmay_snake_entry_guardpost_small, pond, lemuel_fruit_fields
Lair:6:   dpeg_slime_entry_corner
Lair:7:   minmay_lair_oklob_items, basic_altar, grunt_megastairs_2,
          bh_autumn_forest_stairs, uniq_maud, uniq_snorg
Lair:8:   evilmike_catoblepas_cave
Shoals:2: serial_shops, shop, wheals_shoals_ruined_temple, uniq_polyphemus
Snake:1:  hangedman_snake_pattern
Snake:2:  nicolae_cobra_stairs, corexii_hall_statues_deadend,
          basic_stair_grate_trap
Snake:3:  serial_shops, bzr_entry_safe, nicolae_shop_stone, nicolae_shop_stone,
          guppyfry_snake_island, basic_stair_grate_trap
Orc:2:    portal_ice_cave_entry_pillars_03, serial_shops, shop_fountains
Orc:3:    serial_shops, shop, basic_altar, nicolae_orc_pool_cavern,
          nicolae_orc_lava_tube, sword_in_stone
Orc:4:    grunt_orc_cross, basic_altar, serial_shops, shop, uniq_maurice
Bazaar:   bazaar_minmay_armour_weapon
Ossuary:  ossuary_tomb_2
Bailey:   bailey_axe_3, bailey

Action                   |  1- 3 |  4- 6 |  7- 9 | 10-12 | 13-15 | 16-18 || total
-------------------------+-------+-------+-------+-------+-------+-------++-------
Melee: Dagger            |   104 |   103 |   587 |   279 |   338 |    41 ||  1452
       Whip              |    20 |    10 |     5 |       |       |       ||    35
       Short sword       |       |       |       |  1639 |  2363 |    60 ||  4062
       Scimitar          |       |       |       |       |   475 |   446 ||   921
       Demon blade       |       |       |       |       |       |   231 ||   231
       Great sword       |       |       |       |       |       |   409 ||   409
 Fire: Blowgun           |       |       |       |   233 |   190 |    30 ||   453
Throw: Tomahawk          |    38 |    25 |    66 |   121 |   106 |    15 ||   371
       Javelin           |       |     2 |     1 |    22 |       |    10 ||    35
 Cast: Corpse Rot        |       |       |       |    10 |    20 |     4 ||    34
       Regeneration      |       |       |       |     1 |    65 |    63 ||   129
       Agony             |       |       |       |       |   120 |   123 ||   243
       Dispel Undead     |       |       |       |       |     2 |    14 ||    16
       Pain              |       |       |       |       |    27 |    31 ||    58
       Repel Missiles    |       |       |       |       |     5 |    11 ||    16
       Death Channel     |       |       |       |       |       |     3 ||     3
       Apportation       |       |       |       |       |       |     2 ||     2
       Cigotuvi's Embrac |       |       |       |       |       |     1 ||     1
 Abil: End Transformatio |       |       |     1 |       |     4 |       ||     5
       Bat Form          |       |       |     1 |       |     4 |       ||     5
Evoke: Wand              |       |       |       |    10 |     6 |     3 ||    19
  Use: Scroll            |     6 |     4 |     5 |    13 |    15 |    10 ||    53
       Potion            |     3 |     5 |    14 |    44 |    96 |    49 ||   211
 Stab: Sleeping          |     4 |     9 |    29 |    33 |    44 |    13 ||   132
       Distracted        |       |       |     2 |    13 |    12 |     6 ||    33
  Eat: Corpse            |       |       |       |       |     1 |       ||     1

Table legend:
 A = Turns spent in this place as a percentage of turns spent in the entire game.
 B = Non-inter-level travel turns spent in this place as a percentage of non-inter-level travel turns spent in the entire game.
 C = Inter-level travel turns spent in this place as a percentage of turns spent in this place.
 D = Turns resting spent in this place as a percentage of non-inter-level travel turns spent in this place.
 E = Turns spent auto-exploring this place as a percentage of non-inter-level travel turns spent in this place.
 F = Non-inter-level travel turns spent in this place divided by the number of levels of this place that you've seen.
                   A       B       C       D       E      F
               +-------+-------+-------+-------+-------+----------------------
         Total | 100.0 | 100.0 |   0.5 |   1.8 |   2.4 | 740.3
       Dungeon |  39.6 |  39.7 |   0.4 |   1.3 |   3.0 | 705.1
        Temple |   0.2 |   0.2 |   1.6 |   0.0 |   0.0 |  63.0
          Lair |  32.8 |  32.7 |   0.7 |   2.2 |   2.1 | 1090.5
        Shoals |   2.3 |   2.3 |   0.3 |   0.8 |   2.1 | 312.5
     Snake Pit |   7.0 |   7.0 |   0.5 |   5.5 |   3.4 | 625.3
  Orcish Mines |  15.0 |  15.0 |   0.5 |   1.2 |   1.3 | 1001.2
        Bazaar |   0.5 |   0.5 |   0.0 |   0.0 |   0.0 | 128.0
       Ossuary |   1.4 |   1.5 |   0.0 |   1.6 |   0.0 | 387.0
        Bailey |   1.0 |   1.0 |   0.0 |   0.7 |   0.4 | 267.0
               +-------+-------+-------+-------+-------+----------------------

Vault maps used:
D:1:      matt_arrival_diagonals
D:2:      minmay_door_path, nicolae_ru_sacrificial_ziggurat, first_bread,
          lemuel_blue_sif_altar
D:3:      kennysheep_six_static_rooms, lemuel_round_altar, uniq_terence
D:5:      tgw_trog, minmay_temple_entry_glass, nicolae_alphabet_shops,
          uniq_duvessa, uniq_blork_the_orc, uniq_menkaure
D:6:      grunt_temple_overflow_open, nicolae_ossuary_entry_false_entrances
D:7:      fiery_altar_vehumet, serial_shops, shop, the_bakery,
          lemuel_old_faithful
D:8:      uniq_prince_ribbit1
D:9:      kennysheep_mini_moat, minmay_orc_entry_temple_small
D:10:     minmay_klotski, dpeg_lair_monsters, enter_trove_1,
          minmay_joined_circles, uniq_erica
D:11:     enter_bailey_3, minivault_10, uniq_fannar, uniq_josephine
D:12:     minivault_13
D:13:     david_vaults_5
D:14:     basic_altar, kennysheep_small_spiral, grunt_decor_arrowhead,
          minivault_8, uniq_rupert, uniq_urug, uniq_kirke
D:15:     gammafunk_enter_depths_forms, hangedman_decor_push, uniq_sonja
Temple:   cyrus_temple_forest_13
Lair:2:   grunt_megastairs_3, serial_bayou_shore_b, lemuel_fruit_fields
Lair:4:   minmay_shoals_entry_hut
Lair:5:   minmay_snake_entry_guardpost_small, pond, lemuel_fruit_fields
Lair:6:   dpeg_slime_entry_corner
Lair:7:   minmay_lair_oklob_items, basic_altar, grunt_megastairs_2,
          bh_autumn_forest_stairs, uniq_maud, uniq_snorg
Lair:8:   evilmike_catoblepas_cave
Shoals:2: serial_shops, shop, wheals_shoals_ruined_temple, uniq_polyphemus
Snake:1:  hangedman_snake_pattern
Snake:2:  nicolae_cobra_stairs, corexii_hall_statues_deadend,
          basic_stair_grate_trap
Snake:3:  serial_shops, bzr_entry_safe, nicolae_shop_stone, nicolae_shop_stone,
          guppyfry_snake_island, basic_stair_grate_trap
Orc:2:    portal_ice_cave_entry_pillars_03, serial_shops, shop_fountains
Orc:3:    serial_shops, shop, basic_altar, nicolae_orc_pool_cavern,
          nicolae_orc_lava_tube, sword_in_stone
Orc:4:    grunt_orc_cross, basic_altar, serial_shops, shop, uniq_maurice
Bazaar:   bazaar_minmay_armour_weapon
Ossuary:  ossuary_tomb_2
Bailey:   bailey_axe_3, bailey
